 Dungeon Sprint DCSS version 0.21-a0-400-g417d9d2 (webtiles) character file.

263 Amnesiac the Geomancer (level 5, 27/35 HPs)
             Began as a Demonspawn Earth Elementalist on Oct 20, 2017.
             Quit the game in the Dungeon (Sprint I: "Red Sonja").
             The game lasted 00:01:07 (202 turns).

Amnesiac the Geomancer (DsEE)                        Turns: 202, Time: 00:01:08

Health: 27/35      AC:  6    Str:  8    XL:     5   Next: 97%
Magic:  9/14       EV: 11    Int: 17    God:
Gold:   0          SH:  0    Dex: 14    Spells: 16/17 levels left

rFire    . . .     SeeInvis .   (no weapon)
rCold    . . .     Gourm    .   (no shield)
rNeg     . . .     Faith    .   i - +1 leather armour {rPois}
rPois    +         Spirit   .   (no helmet)
rElec    .         Reflect  .   (no cloak)
rCorr    .         Harm     .   (no gloves)
MR       .....     NoTele   +   (no boots)
Stlth    +++.......             (no amulet)
HPRegen  0.11/turn              (no ring)
MPRegen  0.14/turn              (no ring)

@: no status effects
A: hooves 1, iridescent scales 1, nightstalker 2
a: no special abilities


You were in the Dungeon.
You were not hungry.

You visited 1 branch

Inventory:

Missiles
 b - 21 stones (quivered)
Armour
 i - a +1 leather armour of poison resistance (worn)
Scrolls
 j - a scroll of blinking {!r}
Potions
 e - a potion of curing {!q}
 f - a potion of heal wounds {!q}
 g - a potion of haste {!q}
 h - 2 potions of magic {!q}
Books
 k - a book of Geomancy

   Spells                             Type                      Level
   a - Sandblast                      Earth                        1
   b - Passwall                       Transmutation/Earth          2
   c - Stone Arrow                    Conjuration/Earth            3
   d - Petrify                        Transmutation/Earth          4
   e - Lee's Rapid Deconstruction     Earth                        5
Comestibles
 a - 5 chunks of flesh
 d - a bread ration


   Skills:
 - Level 1.7 Dodging
 - Level 1.7 Stealth
 + Level 6.8 Spellcasting
   Level 0.8 Transmutations
 * Level 9.7 Earth Magic


You had 16 spell levels left.
You knew the following spells:

 Your Spells              Type           Power        Failure   Level  Hunger
a - Sandblast             Erth           #####.       1%          1    None


Dungeon Overview and Level Annotations

Branches:
Dungeon (1/1)

Altars:


Innate Abilities, Weirdness & Mutations

You have large cloven feet.
You are partially covered in iridescent scales. (AC +2)
You are significantly more attuned to the shadows.


Message History

Things that are here:
a club; a dyed leather armour There isn't anything to butcher here.
You see here a giant spiked club.
There is an open door, spattered with blood here.
Things that are here:
a club; a dyed leather armour
i - a dyed leather armour You see here a giant spiked club.
There is an open door here.
Wield which item (- for none, * to show all)? (? for menu, Esc to quit)
You can't wield armour.
Wield which item (- for none, * to show all)? (? for menu, Esc to quit)
You can't wield armour.
Wear which item? (? for menu, Esc to quit)
You start removing your armour.
You continue taking off your +0 robe. x4
You finish taking off your +0 robe.
You start putting on your armour.
You continue putting on your dyed leather armour. x5
You finish putting on your +1 leather armour of poison resistance.
You feel resistant to poison.
Drop what? 11/52 slots (_ for help) (? for menu, Esc to quit)
You drop a +0 robe.
Wield which item (- for none, * to show all)? (? for menu, Esc to quit)
Okay, then.
You start resting.
Magic restored.
You start resting.
Magic restored.
You open the door.
Sigmund the Dreaded comes into view.
He is wielding a scythe.
Casting: Sandblast
Confirm with . or Enter, or press ? or * to list all spells.
Aiming: Sandblast
Press: ? - help, Shift-Dir - straight line, f - Sigmund
Aim: Sigmund, wielding a scythe and wearing a robe (resting)
The blast of sand hits Sigmund.
Sigmund is moderately wounded.
Sigmund shouts!
b - 23 stones Sigmund gestures at you while chanting.
The magic dart hits you!
Casting: Sandblast
Confirm with . or Enter, or press ? or * to list all spells.
Aiming: Sandblast
Press: ? - help, Shift-Dir - straight line, f/p - Sigmund
Aim: Sigmund, wielding a scythe and wearing a robe (moderately wounded)
The blast of sand hits Sigmund.
Sigmund is almost dead.
b - 22 stones
Casting: Sandblast
Confirm with . or Enter, or press ? or * to list all spells.
Aiming: Sandblast
Press: ? - help, Shift-Dir - straight line, f/p - Sigmund
Aim: Sigmund, wielding a scythe and wearing a robe (almost dead)
The blast of sand hits Sigmund.
You kill Sigmund!
Your Spellcasting skill increases to level 6!
Your Earth Magic skill gained 2 levels and is now at level 9!
You have reached level 5!
Your demonic ancestry asserts itself...
Your feet thicken and deform.
b - 21 stones Are you sure you want to abandon this character and quit the game? (Confirm with "yes".)

########## ##
#<.#.)'[.#..+
#..)..#.@').#
#..#####+####
#..# #..#
#..# #⌠⌠#
####


There were no monsters in sight!

Vanquished Creatures
  Sigmund (D)
  An ogre (D)
  Ijyb (D)
3 creatures vanquished.

Notes
Turn   | Place    | Note
-------+----------+-------------------------------------------
     0 | D        | Amnesiac the Demonspawn Earth Elementalist began the quest for the Orb.
     0 | D        | Reached XP level 1. HP: 13/13 MP: 3/3
     1 | D        | Noticed Ijyb
    17 | D        | Killed Ijyb
    17 | D        | Reached skill level 5 in Earth Magic
    17 | D        | Gained mutation: You are partially covered in iridescent scales. (AC +2) [demonic ancestry]
    17 | D        | Reached XP level 2. HP: 17/19 MP: 1/6
   120 | D        | Noticed an ogre
   124 | D        | Killed an ogre
   124 | D        | Reached skill level 5 in Spellcasting
   124 | D        | Reached skill level 7 in Earth Magic
   124 | D        | Gained mutation: You are slightly more attuned to the shadows. [demonic ancestry]
   124 | D        | Reached XP level 3. HP: 24/24 MP: 2/9
   124 | D        | Gained mutation: You are significantly more attuned to the shadows. [demonic ancestry]
   124 | D        | Reached XP level 4. HP: 30/30 MP: 2/11
   198 | D        | Noticed Sigmund
   201 | D        | Killed Sigmund
   201 | D        | Reached skill level 9 in Earth Magic
   201 | D        | Gained mutation: You have large cloven feet. [demonic ancestry]
   201 | D        | Reached XP level 5. HP: 27/35 MP: 9/14
   202 | D        | Quit the game

Vault maps used:
D:        dungeon_sprint_1

Skill      XL: |  1  2  3  4 |
---------------+-------------+-----
Spellcasting   | 3 5 6 |  6.8
Earth Magic    | 5 7 9 |  9.7
Dodging        | |  1.7
Stealth        | |  1.7
Transmutations | |  0.8

Action                   |  1- 3 |  4- 6 || total
-------------------------+-------+-------++-------
Melee: Unarmed           |    13 |       ||    13
 Cast: Sandblast         |     5 |     4 ||     9
  Use: Potion            |     1 |       ||     1
Armor: Robe              |     1 |       ||     1
Dodge: Dodged            |     4 |       ||     4

Table legend:
 A = Spawn XP
 B = Non-spawn XP
 C = Spawn XP percentage of total XP
 D = Spawn monster count
 E = Non-spawn monster count
 F = Spawn count percentage of total count
 G = Total turns spent on level
                    A         B        C        D         E        F      G
               +---------+---------+-------+---------+---------+-------+---------
         Total |       0 |     376 |   0.0 |       0 |       3 |   0.0 |   202
               +---------+---------+-------+---------+---------+-------+---------
             D |       0 |     376 |   0.0 |       0 |       3 |   0.0 |   202
               +---------+---------+-------+---------+---------+-------+---------
